 Dungeon Crawl Stone Soup version 0.23.1 (webtiles) character file.

Game seed: 8254512688044063466

49 Borgoz the Skirmisher (level 3, -6/31 HPs)
             Began as a Ghoul Monk on Mar 17, 2019.
             Mangled by an ogre
             ... wielding a +0 giant club
              (24 damage)
             ... on level 2 of the Dungeon.
             The game lasted 00:01:24 (1242 turns).

Borgoz the Skirmisher (Ghoul Monk)                  Turns: 1242, Time: 00:01:25

Health: -6/31      AC:  3    Str: 14    XL:     3   Next: 77%
Magic:  2/2        EV: 12    Int:  5    God:
Gold:   27         SH:  0    Dex: 12    Spells: 2/2 levels left

rFire    . . .     SeeInvis .   a - +0 short sword
rCold    + . .     Gourm    .   (no shield)
rNeg     + + +     Faith    .   g - +0 leather armour
rPois    ∞         Spirit   .   (no helmet)
rElec    .         Reflect  .   (no cloak)
rCorr    .         Harm     .   (no gloves)
MR       .....                  (no boots)
Stlth    ++........             (no amulet)
HPRegen  0.00/turn              (no ring)
MPRegen  0.08/turn              (no ring)

@: rotting
A: rotting body, claws 1, carnivore, cold resistance 1, negative energy
resistance 3, inhibited regeneration, torment resistance, unbreathing
a: no special abilities


You were on level 2 of the Dungeon.
You were not hungry.

You visited 1 branch of the dungeon, and saw 2 of its levels.

You collected 27 gold pieces.

Inventory:

Hand Weapons
 a - a +0 short sword (weapon)
Armour
 b - a +0 robe
 g - a +0 leather armour (worn)
Scrolls
 d - a scroll of immolation {unknown}
 f - a scroll of amnesia {unknown}
 h - a scroll of random uselessness {unknown}
 j - 3 scrolls of identify {unknown}
 l - a scroll of teleportation {unknown}
Potions
 e - a potion of mutation {unknown}
 i - a potion of curing {unknown}
Comestibles
 c - 3 rations
 k - a chunk of flesh


   Skills:
 + Level 3.5 Fighting
 * Level 3.2 Short Blades
 * Level 1.1 Armour
 * Level 3.2 Dodging
 + Level 2.5 Stealth


You had 2 spell levels left.
You didn't know any spells.
Your spell library was empty.

Dungeon Overview and Level Annotations

Branches:
Dungeon (2/15)

Altars:


Innate Abilities, Weirdness & Mutations

Your body is rotting away.
You thrive on raw meat.
You are immune to poison.
You have sharp fingernails.
You are carnivorous and can eat meat at any time.
Your flesh is cold resistant. (rC+)
You are immune to negative energy. (rN+++)
You do not regenerate when monsters are visible.
You are immune to unholy pain and torment.
You can survive without breathing.


Message History

You kill the adder!
No target in view!
No target in view!
Key pressed, stopping explore.
Found a stone staircase leading down.
A giant cockroach comes into view.
A giant cockroach is nearby!
An ogre comes into view. It is wielding a +0 giant club.
Found 23 stones and a scroll labeled VYCIOD FUTU.
The ogre shouts!
You hear a shout! x2
The ogre misses you.
You hit the ogre but do no damage. You hit the ogre but do no damage.
The giant cockroach barely misses you. The ogre hits you with a +0 giant club!
You hit the ogre.
The ogre is lightly wounded.
The giant cockroach barely misses you.
The ogre hits you with a +0 giant club!!
Ouch! That really hurt!
You die...

#......#...#
#####
#......#.<†#
#....
#......#####
#....##.#.#.##
#...........#
.........####
....#..## .#
#.## #@#
#......sO#
........(..
.............
.........####..
.........# .
......?..#
#........#


You could see an ogre and a giant cockroach.

Vanquished Creatures
  2 adders (D:2)
  An ooze (D:1)
  A leopard gecko (D:2)
  A giant cockroach (D:1)
  6 hobgoblins (D:1)
  3 bats
  2 frilled lizards
  3 goblins
  4 kobolds (D:1)
  3 rats
  2 toadstools (D:1)
28 creatures vanquished.

Vanquished Creatures (others)
  2 toadstools (D:1)
2 creatures vanquished.

Grand Total: 30 creatures vanquished

Notes
Turn   | Place    | Note
-------+----------+-------------------------------------------
     0 | D:1      | Borgoz the Ghoul Monk began the quest for the Orb.
     0 | D:1      | Reached XP level 1. HP: 19/19 MP: 0/0
    70 | D:1      | Reached XP level 2. HP: 17/26 MP: 1/1
   999 | D:1      | Reached XP level 3. HP: 31/31 MP: 2/2
  1101 | D:2      | Reached skill level 1 in Armour
  1238 | D:2      | Noticed an ogre
  1242 | D:2      | Mangled by an ogre

Skill      XL: |  1  2  3 |
---------------+----------+-----
Dodging        | 3 |  3.2
Short Blades   | 3 |  3.2
Armour         | 1 |  1.1
Fighting       | |  3.5
Stealth        | |  2.5

Action                   || total
-------------------------++-------
Melee: Short sword       ||    96
  Eat: Chunk             ||     8
Armor: Robe              ||     6
       Leather armour    ||    18
Dodge: Dodged            ||    86
